zfc, chaotic male orcish Barbarian }}}}}}}}}}}}}}}}}}}}}}}}}}}}}}}}}}}}}}}}}}}}}}}}}}}g}}}}}}}}}}}}}}}}}}}}}}} }}}}}}}}}}}}}}}}}}}}}}}}}}}}}}}}}}}}}}}}}}}}}}}}}}}}}}}}}}}}}}}}}}}}}}}}}}} ------}}}}}}}}}}}}}}}}}}}}}}}}}}}}}}}}}}}}}}-------}}}};}}}--------------} |....|}}}}}}}}}..}.}}..}}}}}}}}}}}}}..}}}}}}|.....--}}}}}}}| |} |.^..|.}}}}}}}}}}}.}...}}..}}}}}}}}}}}}}}}}}|--g...g.}}}}}.|. |} |....|.}}}}}}---}}}}}}}}}}}}}}}}}}}}}}}}}}---.%.|..|}}}}}}@Hd |} |....|.}}}}}}|...}}}}}}}}}.}}...}.}}}}.}}}.....)----}}}}}}.|V |} |.%..|.}}}}}}|..+.--}}}}}}}}}}}}}}}}}}}}}}----...-|}}}}}}}.|C |} |....|.}}}}}}}......}}}}...}}}}}}.}}}}}}}}}}}---..|--}g}}}.| |} |..<.|.}}}}}}-....|}}}}}}}------}}}}}}}}}}}}}}|...|`|}}}}}.| |} |....|.}}}}}}}}}---}}}}}}}....%...}}}}}}}}}}---.|....}}}}}.| SS |} |....|.}}}}}}}}}}}}}}}}}}|....|...|}}}}}}}}--...|---[}}}}}.| |} |.^..|.}}}}}}.)}}}}}}}}}}---..--------}}}}}|..---}}}}}}}}}.| |} |....|%..}}}.}}}}}}...}}}}}|-..........}}}}..--}}}}}}}}}}}.| |} |....-....}.}}}}}}}}}}}}}}}|..--------}}}}}}}}}}}g}}...}}}.| |} |...}|...}}}}}}}..}}}}}}----..| |}}}}}}}}}}}}}}}}}..}}}.| |} |....|}}}}}....}}}}..}}.| ... ----}}......}}}}g}.g.....}}| |} ------}}}}}}}}}}}}}}}}}}---------}}}}}}}}}}}}}}}}}}}}}}}}}}--------------} }}}}}}}}}}}}}}}}}}}}}}}}}}}}}}}}}}}}}}}}}}}}}}}}}}}}}}}}}}}}}}}}}}}}}}}}}}} }}}}}}}}}}}}}}}}}}}}}}}}}}}}}}}}}}}}}}}}}}}}}}}}}}}}}}}}}}}}}}}}}}}}}}}}}}} zfc the Bandit Experience level: 9 Strength: 18 Dexterity: 18 Constitution: 18 Intelligence: 8 Wisdom: 8 Charisma: 6 Health: 0(94) Energy: 7(19) Def: 12 Gold: 5265 Moves: 10470 Dungeon seed: vbgM0M2fB_YmVEUT Game ID: zfc_1539283993 Your Inventory: Coins $ - 5265 gold pieces Amulets L - an uncursed amulet of ESP (being worn) Q - a cursed amulet of restful sleep Armor e - an uncursed +3 silver dragon scale mail (being worn) Comestibles i - an uncursed C-ration k - an uncursed K-ration S - an uncursed clove of garlic Potions f - an uncursed potion of water h - an uncursed potion of extra healing O - an uncursed potion of water Rings Z - a cursed ring of fire resistance Wands g - an uncursed wand of magic missile (0:0) D - an uncursed wand of cold (0:3) F - an uncursed wand of striking (0:0) Tools j - an uncursed rusty stethoscope J - 2 cursed partly used tallow candles (0:12) M - an uncursed blindfold R - an uncursed very rusty lock pick Spells and supernatural/magical abilities: Name Level Category Fail Memory W - pray for help -- divine ? -- Your skills at the end: Fighting Skills bare handed combat [Basic] Weapon Skills axe [Expert] pick-axe [Basic] short sword [Basic] Spellcasting Skills Final Attributes: You were piously aligned. You were cold resistant. You were poison resistant. You were telepathic. You had infravision. You were fast. You had reflection. You are dead. Vanquished creatures: a titan a captain 2 ghosts a zruty a rock troll 3 long worms 2 stalkers a fire elemental a giant mummy a giant zombie an elf-lord 3 sergeants a winter wolf a small mimic 2 xans an ettin mummy a quantum mechanic 4 electric eels a gelatinous cube 2 large dogs a freezing sphere 3 flaming spheres a shocking sphere a tiger a tengu a leocrotta an elf mummy a pit viper 2 cobras 2 wraiths an ettin zombie a leather golem 4 Grey-elves 9 soldiers 3 incubi a chameleon 3 giant beetles a quivering blob a cockatrice a wolf a spotted jelly 10 leprechauns a mumak 7 giant spiders 3 scorpions a horse a black light a vampire bat 2 gnome kings 2 rust monsters 2 owlbears 2 yetis 2 gold golems a Green-elf a giant eel a dingo a jaguar 4 dwarf lords 2 blue jellies 4 human zombies 3 rope golems a Woodland-elf 2 soldier ants 3 fire ants a bugbear a water nymph 3 mountain nymphs 4 Uruk-hai a rock piercer a pony 3 fog clouds 2 yellow lights a shrieker a violet fungus 16 gnome lords 8 gnomish wizards a golden naga hatchling 2 gray oozes a straw golem a paper golem a jellyfish 7 giant ants 3 floating eyes 2 kittens 20 dwarves a kobold lord a kobold shaman a hill orc a centipede 4 giant bats 3 monkeys 6 orc zombies 5 dwarf zombies a werejackal 5 iguanas 2 killer bees 3 acid blobs a coyote a gas spore 7 hobbits 3 giant rats 3 cave spiders a yellow mold a green mold a red mold 62 gnomes 4 garter snakes a gnome zombie 4 geckos 6 jackals a kobold 2 goblins 2 sewer rats 2 grid bugs 6 bats 6 lichens 3 newts 358 creatures vanquished. Voluntary challenges: You used a wielded weapon 732 times, starting on turn 3. You read items or engraved 6 times, starting on turn 2529. You never genocided any monsters. You never polymorphed an object. You changed form 2 times, starting on turn 10188. You used no wishes. You never split a pudding. You never wrote Elbereth's name. You violated your moral code, losing 29 points of alignment, starting on turn 3069. Dungeon overview: The Dungeons of Doom: levels 1 to 23 Level 1 a fountain a long staircase Level 2 stairs to The Gnomish Mines Level 3 a fountain Level 4 Level 5 a fountain, a sink Level 6 many fountains Level 7 stairs to Sokoban Level 8 Level 9 Level 10 a temple to Crom Level 11 Level 12 an altar to Crom, some fountains Level 13 some fountains Level 14 a fountain, a sink Level 15 Level 16 Level 17 a general store, a fountain Level 18 Level 19 an altar to Mitra Level 20 Level 21 Level 22 Level 23 <- You were here The Gnomish Mines: levels 3 to 11 Level 3 stairs to The Dungeons of Doom Level 4 Level 5 Level 6 some shops, a temple to Set, some fountains Level 7 Level 8 Level 9 Level 10 Level 11 Sokoban: Level 6 stairs to The Dungeons of Doom History has recorded: On T:1 you entered the Dungeons of Doom to retrieve the Amulet of Yendor! On T:292 you reached level 2 of The Dungeons of Doom. On T:580 you advanced to experience level 2. On T:641 you reached level 1 of The Gnomish Mines. On T:654 you advanced to experience level 3. On T:676 you reached level 2 of The Gnomish Mines. On T:702 you advanced to experience level 4. On T:846 you reached level 3 of The Gnomish Mines. On T:864 you advanced to experience level 5. On T:1007 you reached level 4 of The Gnomish Mines. On T:1046 you advanced to experience level 6. On T:1738 you reached level 5 of The Gnomish Mines. On T:2101 you advanced to experience level 7. On T:2115 you reached level 6 of The Gnomish Mines. On T:2312 you reached level 7 of The Gnomish Mines. On T:2568 you reached level 8 of The Gnomish Mines. On T:2614 you advanced to experience level 8. On T:2741 you reached level 9 of The Gnomish Mines. On T:4286 you reached level 3 of The Dungeons of Doom. On T:4717 you reached level 4 of The Dungeons of Doom. On T:5037 you reached level 5 of The Dungeons of Doom. On T:5289 you reached level 6 of The Dungeons of Doom. On T:5390 you received advice from The Oracle. On T:5390 you advanced to experience level 9. On T:5438 you reached level 7 of The Dungeons of Doom. On T:5480 you reached level 4 of Sokoban. On T:5558 you reached level 8 of The Dungeons of Doom. On T:5746 you reached level 9 of The Dungeons of Doom. On T:5948 you reached level 10 of The Dungeons of Doom. On T:6205 you reached level 11 of The Dungeons of Doom. On T:6508 you reached level 12 of The Dungeons of Doom. On T:6786 you reached level 13 of The Dungeons of Doom. On T:7240 you reached level 14 of The Dungeons of Doom. On T:7354 you advanced to experience level 10. On T:7437 you reached level 15 of The Dungeons of Doom. On T:7530 you reached level 16 of The Dungeons of Doom. On T:8002 you reached level 17 of The Dungeons of Doom. On T:8419 you reached level 18 of The Dungeons of Doom. On T:8675 you reached level 19 of The Dungeons of Doom. On T:8821 you reached level 20 of The Dungeons of Doom. On T:9391 you reached level 21 of The Dungeons of Doom. On T:9670 you reached level 22 of The Dungeons of Doom. On T:9830 you advanced to experience level 11. On T:9916 you reached level 23 of The Dungeons of Doom. Score breakdown: Gold: 5265 (12659 points) Experience: 9 levels (15756 points) Exploration: 23 levels ( 50.00%) (20976 points) Discoveries: 20 items ( 8.16%) ( 8571 points) Valuables value: (no points given unless you survive) Artifact value: 0 ( 0 points) Variety of kills: 117 monsters ( 30.71%) (16624 points) Turncount: 10470 turns (-2446 points) Survival: died (score multiplied by 80%) Total score: 57712 Latest messages: The leather golem is destroyed! The ettin shoots an elven arrow! You are almost hit by an elven arrow. The magic missile hits the ettin! The magic missile hits the invisible vampire. You feel an absence of magical power. (2x) The ettin shoots an elven arrow! You are almost hit by an elven arrow. You feel an absence of magical power. You smite the ettin. The ettin swings her elven bow. The ettin hits! The ettin swings her elven bow. The ettin hits! You smite the ettin! (2x) The ettin swings her elven bow. The ettin hits! The ettin swings her elven bow. The ettin hits! You die... Final status: Goodbye zfc the Barbarian, killed by an ettin... You died in The Dungeons of Doom on dungeon level 23 with 57712 points, and 5265 pieces of gold, after 10470 moves. You were level 9 with a maximum of 94 hit points when you died.